[Event "*** Titled Tuesday Blitz"]
[Site "Chess.com"]
[Date "2020.04.21"]
[Round "7"]
[White "picturesquecheck"]
[Black "KrakenBeast"]
[Result "0-1"]
[WhiteElo "2191"]
[BlackElo "2359"]
[TimeControl "180+1"]
[EndTime "11:21:00 PDT"]
[Termination "KrakenBeast won by checkmate"]

1. e4 c5 2. Nf3 d6 3. d4 cxd4 4.
Nxd4 Nf6 5. Nc3 a6 6. Be3 e5 7. Nb3 Be7 8. f3 Be6 9. Qd2 O-O 10. O-O-O Nbd7 11. g4 b5 12. g5 Nh5 13. Rg1 Qc7 14.
Nd5 Bxd5 15. exd5 a5 16. Bxb5 a4 17. Na1 Rfb8 18. Bc6 Ra5 19. c4 Nf4 20. h4 Nc5 21.
Kb1 Nfd3 22. Bb5 Rbxb5 23. cxb5 Rxb5 24. b3 axb3 25. axb3 Nxb3 26. Nxb3 Rxb3+ 27. Ka2 Qc4 28. Qa5 Rb1+ 29. Kxb1 Qb3+ 30. Ka1 Qb2# 0-1

[Event "*** Titled Tuesday Blitz"]
[Site "Chess.com"]
[Date "2020.04.21"]
[Round "7"]
[White "GodDMuhammad"]
[Black "VALPARAISO37"]
[Result "0-1"]
[WhiteElo "2186"]
[BlackElo "2348"]
[TimeControl "180+1"]
[EndTime "11:21:00 PDT"]
[Termination "VALPARAISO37 won by checkmate"]

1. Nf3 d5 2. g3 g6 3. Bg2 Bg7 4. d3 e5 5. O-O Ne7 6. Nbd2 a5 7.
e4 c6 8. Re1 Nd7 9. b3 O-O 10.
Bb2 f6 11. a4 d4 12. c3 c5 13.
Nc4 Nb6 14. Ba3 Nxc4 15. dxc4 b6 16. cxd4 exd4 17. Qd3 Bb7 18. e5 Qc7 19. exf6 Bxf6 20. Re6 Nf5 21. Rae1 Rad8 22. Nd2 Bxg2 23. Kxg2 Qb7+ 24.
Kg1 Rf7 25. Ne4 Kg7 26. Bc1 Qd7 27. Rxb6 Qc7 28. Rxf6 Rxf6 29. Nxf6 Kxf6 30. h4 h6 31. Qf3 Kg7 32. Bf4 Qd7 33. Be5+ Kh7 34. h5 Qf7 35. hxg6+ Qxg6 36. Bf4 Rf8 37. Re5 Rf7 38. Qe4 h5 39.
Rxc5 h4 40. Kg2 hxg3 41. fxg3 Nh4+ 42. Kh3 Qxe4 43. Rh5+ Kg8 44. Rxh4 d3 45. Rg4+ Rg7 46.
Rh4 Qh1# 0-1

[Event "*** Titled Tuesday Blitz"]
[Site "Chess.com"]
[Date "2020.04.21"]
[Round "7"]
[White "Azatic"]
[Black "Kingsman132"]
[Result "0-1"]
[WhiteElo "2646"]
[BlackElo "2505"]
[TimeControl "180+1"]
[EndTime "11:21:01 PDT"]
[Termination "Kingsman132 won by resignation"]

1. e4 e5 2. Nf3 Nc6 3. Bb5 a6 4. Ba4 Nf6 5. O-O b5 6. Bb3 Bc5 7.
c3 d6 8. d4 Bb6 9. Bg5 h6 10.
Bh4 g5 11. Bg3 exd4 12. cxd4 Bg4 13. e5 dxe5 14. dxe5 Qxd1 15. Rxd1 Nh5 16. Nc3 Nxg3 17. hxg3 Bxf3 18. gxf3 Nd4 19. Nd5 Nxf3+ 20. Kg2 Nxe5 21. Nxb6 cxb6 22. Re1 f6 23. f4 gxf4 24. gxf4 O-O-O 25. fxe5 fxe5 26. Rad1 Rxd1 27. Rxd1 Rd8 28. Rxd8+ Kxd8 29. Kf3 Ke7 30. Ke4 Kd6 31. Bd1 a5 32. Be2 b4 33.
Bh5 a4 34. Be8 a3 35. bxa3 bxa3 36. Bf7 b5 37. Be8 b4 38. Bf7 h5 39. Bxh5 b3 0-1

[Event "*** Titled Tuesday Blitz"]
[Site "Chess.com"]
[Date "2020.04.21"]
[Round "7"]
[White "temus_galaktionov"]
[Black "amiralfio"]
[Result "1-0"]
[WhiteElo "2749"]
[BlackElo "2525"]
[TimeControl "180+1"]
[EndTime "11:21:02 PDT"]
[Termination "temus_galaktionov won on time"]

1. d4 e6 2. c4 d5 3. Nf3 Nf6 4. Nc3 Bb4 5. cxd5 exd5 6. Bg5 h6 7. Bxf6 Qxf6 8. e3 O-O 9. Bd3 c5 10. O-O Bxc3 11. bxc3 Nc6 12. Bc2 c4 13. h3 Bd7 14.
e4 dxe4 15. Bxe4 Rfe8 16. Re1 g6 17. Qd2 Kg7 18. Re3 Re7 19. Rae1 Rae8 20. Bd5 b5 21. a4 a6 22. axb5 axb5 23. Rb1 Rxe3 24. fxe3 Ne7 25. Be4 Nf5 26. Ne5 Qd6 27. Bxf5 Bxf5 28. Rxb5 Qe6 29. Rb7 Re7 30. Rxe7 Qxe7 31. Nxc4 Be4 32. Ne5 h5 33.
c4 h4 34. Nf3 Qf6 35. Kf2 g5 36. d5 Kg6 37. Qd4 Qd6 38. Qxe4+ 1-0

[Event "*** Titled Tuesday Blitz"]
[Site "Chess.com"]
[Date "2020.04.21"]
[Round "7"]
[White "WIDBIFS"]
[Black "jfriedel"]
[Result "0-1"]
[WhiteElo "2762"]
[BlackElo "2607"]
[TimeControl "180+1"]
[EndTime "11:21:05 PDT"]
[Termination "jfriedel won by resignation"]

1. d4 Nf6 2. Nf3 g6 3. g3 Bg7 4. Bg2 O-O 5. O-O d6 6. c4 Nbd7 7. Nc3 e5 8. e4 Re8 9. h3 exd4 10. Nxd4 Nc5 11. Re1 h6 12. Rb1 Bd7 13. b3 a6 14.
f3 Rb8 15. a4 Nh5 16. g4 Nf6 17. Be3 Nh7 18. Qd2 g5 19. Nf5 Bxf5 20. gxf5 c6 21. b4 Nd7 22. Rbd1 Ne5 23. c5 dxc5 24. Qxd8 Rbxd8 25. Bxc5 Nd3 26. Re3 Nxc5 27. bxc5 Rxd1+ 28. Nxd1 Bd4 29. Kf2 Re5 30. Ke2 Bxe3 31. Kxe3 Rxc5 32.
Kd4 Rc2 33. Ne3 Ra2 34. Ke5 Rxa4 35. f6 Ra5+ 36. Kd6 Nxf6 37. Nf5 Rxf5 38. exf5 a5 39.
Bf1 a4 40. Kc5 b5 41. Kxc6 a3 0-1

[Event "*** Titled Tuesday Blitz"]
[Site "Chess.com"]
[Date "2020.04.21"]
[Round "7"]
[White "Biranidun"]
[Black "Skatchkov_V"]
[Result "0-1"]
[WhiteElo "2707"]
[BlackElo "2573"]
[TimeControl "180+1"]
[EndTime "11:21:06 PDT"]
[Termination "Skatchkov_V won on time"]

1. e4 e5 2. Nf3 Nf6 3. Nxe5 d6 4. Nf3 Nxe4 5. Nc3 Nxc3 6. dxc3 Be7 7. Be3 O-O 8. Qd2 Nd7 9. O-O-O Nf6 10. Bd3 c5 11. Rhe1 Qa5 12. Kb1 Be6 13. c4 Qa6 14. Qc3 b5 15. cxb5 Qxa2+ 16. Kc1 c4 17. Bxh7+ Kxh7 18. Bd4 Nd5 19. Qa3 Qxa3 20. bxa3 Rab8 21. a4 a6 22. bxa6 Rb4 23. c3 Rxa4 24. Re2 Rxa6 25. Rb2 Nf4 26. Kd2 Nd3 27. Rb7 Ra2+ 28. Ke3 Re8 29.
Rdb1 Bd5 0-1

[Event "*** Titled Tuesday Blitz"]
[Site "Chess.com"]
[Date "2020.04.21"]
[Round "7"]
[White "IMTominho"]
[Black "want2lose"]
[Result "1-0"]
[WhiteElo "2809"]
[BlackElo "2918"]
[TimeControl "180+1"]
[EndTime "11:21:07 PDT"]
[Termination "IMTominho won by resignation"]

1. d4 Nf6 2. c4 g6 3. Nc3 d5 4. Nf3 Bg7 5. h4 c6 6. Bg5 Ne4 7. e3 O-O 8. Bd3 Bf5 9. O-O Nxg5 10. hxg5 Bxd3 11. Qxd3 dxc4 12. Qxc4 Nd7 13. Rfd1 e6 14. Rac1 h6 15. gxh6 Bxh6 16. Ne4 Bg7 17. Qb3 Qb6 18. Qc2 Rad8 19. Rd3 Qc7 20. Rcd1 Nf6 21. Nc5 Nd7 22. Ne4 Nf6 23. Nc5 Nd7 24. Nb3 Rfe8 25. a3 Nb6 26. Nc5 Nd7 27. b4 Nxc5 28. dxc5 Bf6 29. e4 Kg7 30. e5 Be7 31. Rd6 Bxd6 32. exd6 Qc8 33.
Ne5 Rf8 34. Rd3 Rh8 35. Rf3 f5 36. Rg3 Rh6 37. Qc3 Kh7 38. Nf7 Qd7 39. Nxh6 Kxh6 40. Qf6 1-0

[Event "*** Titled Tuesday Blitz"]
[Site "Chess.com"]
[Date "2020.04.21"]
[Round "7"]
[White "TudorAnton"]
[Black "Leo_C"]
[Result "1-0"]
[WhiteElo "2520"]
[BlackElo "2280"]
[TimeControl "180+1"]
[EndTime "11:21:07 PDT"]
[Termination "TudorAnton won by resignation"]

1. d4 d5 2. c4 c6 3. Nf3 e6 4. Qc2 dxc4 5. Qxc4 b5 6. Qb3 Nd7 7. g3 Bb7 8. Bg2 a6 9. O-O c5 10. a4 b4 11. dxc5 Bxc5 12. Be3 Bxe3 13. Qxe3 Ngf6 14. Nbd2 Nd5 15. Qd4 O-O 16. Rfd1 Qf6 17. Qxf6 N5xf6 18. Nc4 Bd5 19. Nfe5 Nxe5 20. Nxe5 Bxg2 21. Kxg2 Rfc8 22. Rac1 Kf8 23. f3 Ke7 24. Nc6+ Ke8 25. Nxb4 Rxc1 26. Rxc1 Rb8 27. Nd3 Nd5 28. Kf2 Nb4 29. Ne5 f6 30. Nc4 Ke7 31. Na5 Kd7 32. b3 Nd5 33. e4 Ne7 34.
Ke3 h5 35. Rc4 h4 36. gxh4 Rh8 37. Nb7 Rxh4 38. Nc5+ Kd6 39. e5+ Kxe5 40. Rxh4 Nf5+ 41. Kf2 Nxh4 42. Nxa6 Kf4 43. Nc7 e5 44. Ne6+ Kf5 45.
Nxg7+ Kg6 46. a5 Kxg7 47. a6 Nf5 48. a7 1-0

[Event "*** Titled Tuesday Blitz"]
[Site "Chess.com"]
[Date "2020.04.21"]
[Round "7"]
[White "GMJustin"]
[Black "HarryCun"]
[Result "1-0"]
[WhiteElo "2351"]
[BlackElo "2167"]
[TimeControl "180+1"]
[EndTime "11:21:08 PDT"]
[Termination "GMJustin won by resignation"]

1. d4 c6 2. c4 d5 3. g3 Nf6 4.
Bg2 Bf5 5. Nf3 e6 6. O-O Nbd7 7. Nc3 Be7 8. Nd2 O-O 9. e4 dxe4 10. Ndxe4 Nxe4 11. Nxe4 Nf6 12. Nc3 Qc7 13. Bf4 Bd6 14. Bg5 Nd7 15.
c5 Nxc5 16. dxc5 Bxc5 17. Qe2 h6 18. Bf4 Qb6 19. Na4 Qa5 20. Nxc5 Qxc5 21. Rac1 Qb6 22. Rfd1 Rfd8 23. b3 Qa5 24. Be5 Qb4 25. Bb2 Bg4 26.
Rxd8+ Rxd8 27. Qe5 f6 28. Qe4 Qd2 29. Qxg4 Qxb2 30.
Qxe6+ Kh8 31. Re1 Rd2 32. Qe8+ Kh7 33. Be4+ g6 34. Bxg6+ Kg7 35. Qf7+ 1-0

[Event "*** Titled Tuesday Blitz"]
[Site "Chess.com"]
[Date "2020.04.21"]
[Round "7"]
[White "Corpescador"]
[Black "Neimar24"]
[Result "0-1"]
[WhiteElo "2401"]
[BlackElo "2572"]
[TimeControl "180+1"]
[EndTime "11:21:11 PDT"]
[Termination "Neimar24 won on time"]

1. e4 e6 2. d4 d5 3. Nc3 Nf6 4. e5 Nfd7 5. f4 c5 6. Nf3 Nc6 7. Be3 Be7 8. Qd2 O-O 9. dxc5 Qa5 10. a3 a6 11. O-O-O Nxc5 12. Nd4 Rd8 13. Kb1 Na4 14. Nxa4 Qxa4 15. Bd3 Na5 16. f5 exf5 17. Bg5 Re8 18. Bxe7 Rxe7 19. Qg5 Re8 20. Bxf5 Nc4 21. Rhe1 Be6 22.
Bd3 Nxb2 23. Kxb2 Qxd4+ 24. Ka2 Qc3 25. Ra1 d4+ 26. Kb1 Qxe1+ 0-1

[Event "*** Titled Tuesday Blitz"]
[Site "Chess.com"]
[Date "2020.04.21"]
[Round "7"]
[White "Diego_FloresQ"]
[Black "andy_rekt"]
[Result "1-0"]
[WhiteElo "2412"]
[BlackElo "2248"]
[TimeControl "180+1"]
[EndTime "11:21:12 PDT"]
[Termination "Diego_FloresQ won by resignation"]

1. e4 c5 2. Nf3 Nc6 3. d4 cxd4 4. Nxd4 Nf6 5. Nc3 d6 6. Bg5 e6 7. Qd2 Bd7 8. O-O-O a6 9. f4 b5 10. Qe1 Qb6 11. Nxc6 Bxc6 12. Nd5 Qd8 13. Bh4 Rc8 14. Kb1 h6 15. e5 dxe5 16. Nxf6+ Qxf6 17. Bxf6 gxf6 18.
fxe5 f5 19. Qa5 Be7 20. Qxa6 O-O 21. Bxb5 Be4 22. Bd3 Bd5 23. Qb6 Ra8 24. b3 Rab8 25. Qf2 Rfc8 26. Rhg1 Bc5 27. Qg3+ Kf8 28. Rgf1 1-0

[Event "*** Titled Tuesday Blitz"]
[Site "Chess.com"]
[Date "2020.04.21"]
[Round "7"]
[White "kasparicy"]
[Black "MikeSailer"]
[Result "1-0"]
[WhiteElo "2337"]
[BlackElo "2143"]
[TimeControl "180+1"]
[EndTime "11:21:13 PDT"]
[Termination "kasparicy won on time"]

1. e4 d5 2. exd5 Qxd5 3. Nf3 Bg4 4. Be2 Nc6 5. d4 O-O-O 6. Be3 Nf6 7. O-O e5 8. c4 Qd7 9. d5 Nd4 10. Nxd4 exd4 11.
Bxd4 h5 12. Nc3 Bd6 13. Bxa7 Rde8 14. Nb5 Bxe2 15. Qa4 Bxf1 16. Rxf1 Re4 17. Be3 Qf5 18.
Nxd6+ cxd6 19. Qa8+ Kc7 20. Qxh8 Ng4 21. h3 Nxe3 22.
fxe3 Qg6 23. Qf8 f6 24. c5 dxc5 25. Qxc5+ Kb8 26. d6 1-0

[Event "*** Titled Tuesday Blitz"]
[Site "Chess.com"]
[Date "2020.04.21"]
[Round "7"]
[White "CzechmVIII"]
[Black "NZT72"]
[Result "0-1"]
[WhiteElo "2243"]
[BlackElo "2446"]
[TimeControl "180+1"]
[EndTime "11:21:14 PDT"]
[Termination "NZT72 won by resignation"]

1. e4 e5 2. Nf3 Nc6 3. Bb5 Nf6 4. O-O Nxe4 5. d4 Nd6 6. Bxc6 dxc6 7. dxe5 Nf5 8. Qxd8+ Kxd8 9. h3 h5 10. Nc3 Ke8 11. Ne2 Be6 12. Nf4 Bc8 13. b3 Be7 14.
Nd3 b6 15. Bb2 c5 16. Nf4 Bb7 17. Nd2 Rd8 18. Rad1 g5 19. e6 f6 20. Ng6 Rg8 21. Nxe7 Kxe7 22. Rfe1 g4 23. hxg4 Rxg4 24. f3 Rg6 25.
Ne4 Rxd1 26. Rxd1 Bxe4 27. fxe4 Ne3 28. Rd7+ Kxe6 29. Rxc7 Rxg2+ 30. Kh1 Rxc2 31. Ba3 Rxa2 32. Bc1 Ra1 0-1

[Event "*** Titled Tuesday Blitz"]
[Site "Chess.com"]
[Date "2020.04.21"]
[Round "7"]
[White "Jenia84"]
[Black "RU_B9"]
[Result "1-0"]
[WhiteElo "2299"]
[BlackElo "1850"]
[TimeControl "180+1"]
[EndTime "11:21:15 PDT"]
[Termination "Jenia84 won on time"]

1. Nf3 d5 2. e3 g6 3. c4 Nf6 4. Nc3 Bg7 5. cxd5 Nxd5 6. Bc4 Nxc3 7. bxc3 O-O 8. O-O c5 9. d4 Nc6 10. Ba3 cxd4 11. cxd4 b6 12. Rc1 Bb7 13. Qe2 Re8 14. Bb5 Rc8 15. e4 Bxd4 16. Rfd1 e5 17. Bb2 Qf6 18.
Nxd4 exd4 19. Bxc6 Bxc6 20. Bxd4 Qe6 21. f3 Ba4 22.
Re1 Rxc1 23. Rxc1 Rd8 24. Qb2 1-0

[Event "*** Titled Tuesday Blitz"]
[Site "Chess.com"]
[Date "2020.04.21"]
[Round "7"]
[White "DanielRensch"]
[Black "ChelsieMonica"]
[Result "1-0"]
[WhiteElo "2496"]
[BlackElo "2318"]
[TimeControl "180+1"]
[EndTime "11:21:16 PDT"]
[Termination "DanielRensch won by resignation"]

1. e4 e5 2. Nf3 Nc6 3. d4 exd4 4. Nxd4 Bc5 5. Nxc6 Qf6 6. Qd2 dxc6 7. Nc3 Ne7 8. Qf4 Qxf4 9. Bxf4 Bb6 10. Bg3 Be6 11. Na4 O-O-O 12. Nxb6+ axb6 13. Bd3 f5 14. f3 fxe4 15. fxe4 c5 16. b3 Nc6 17. O-O-O Nb4 18. Be5 Rd7 19. Bb5 c6 20. Be2 Nxa2+ 21. Kb2 Nb4 22.
Rhf1 Rxd1 23. Bxd1 Re8 24. Bxg7 c4 25. Bc3 Na6 26. Rf6 cxb3 27. cxb3 Nc5 28. Bc2 Bd7 29. e5 Rg8 30. g3 h5 31. b4 Ne6 32. Bf5 Nc7 33. e6 Nd5 34. exd7+ Kd8 35. Be6 Nxf6 36. Bxf6+ Kc7 37. Bxg8 1-0

[Event "*** Titled Tuesday Blitz"]
[Site "Chess.com"]
[Date "2020.04.21"]
[Round "7"]
[White "PawnEatingZombie"]
[Black "MateSchmate"]
[Result "0-1"]
[WhiteElo "2153"]
[BlackElo "2461"]
[TimeControl "180+1"]
[EndTime "11:21:16 PDT"]
[Termination "MateSchmate won on time"]

1. d4 c5 2. d5 e5 3. e4 d6 4. Bb5+ Bd7 5. a4 g6 6. f4 Bg7 7. Nf3 a6 8. Bd3 exf4 9. Bxf4 Bg4 10. Nbd2 Qf6 11. Bg3 Nd7 12. O-O Qe7 13. Nc4 Ne5 14. Ncxe5 Bxe5 15. Bxe5 dxe5 16. a5 Qd6 17.
Qd2 Ne7 18. Kh1 O-O 19. Bc4 Bxf3 20. Rxf3 f5 21. exf5 Rxf5 22. Raf1 Raf8 23. Qe2 Rxf3 24. Rxf3 Rxf3 25. Qxf3 Kg7 26. Qe4 Qf6 27. h3 Nc8 28.
d6 Nxd6 29. Qd5 e4 30. Qxc5 e3 31. Bd3 Qe7 32. Qd4+ Kh6 33. Be2 Nf5 34. Qf4+ Kg7 0-1

[Event "*** Titled Tuesday Blitz"]
[Site "Chess.com"]
[Date "2020.04.21"]
[Round "7"]
[White "BilodeauA"]
[Black "Tonychess32"]
[Result "1-0"]
[WhiteElo "2868"]
[BlackElo "2656"]
[TimeControl "180+1"]
[EndTime "11:21:17 PDT"]
[Termination "BilodeauA won by resignation"]

1. e4 c5 2. Nf3 d6 3. d4 cxd4 4. Nxd4 Nf6 5. Nc3 a6 6. Nb3 e5 7. Bg5 Be7 8. Be2 Be6 9. O-O Nbd7 10. Nd5 Nxd5 11. exd5 Bf5 12. Be3 Rc8 13. c4 O-O 14.
Qd2 b6 15. a4 a5 16. f4 exf4 17. Bxf4 Bg6 18. Nd4 Nc5 19. Bg4 f5 20. Bf3 Bf6 21. Rae1 Bxd4+ 22. Qxd4 Nxa4 23. Re6 Re8 24. Rxd6 Qe7 25.
Re6 Qb4 26. Rxe8+ Rxe8 27. d6 Qc5 28. Bd5+ Bf7 29. Qxc5 Nxc5 30. Bc6 Rd8 31. d7 Nxd7 32.
Rd1 Be6 33. Bg5 Rc8 34. Bxd7 Bxd7 35. Rxd7 Rxc4 36. Be3 Rb4 37. Bd4 g6 38. Bc3 Rb3 39.
Rg7+ Kf8 40. Rxh7 a4 41. Ra7 b5 42. Kf2 b4 43. Be5 a3 44. bxa3 bxa3 45. Rxa3 Rb5 46. Bf4 Kf7 47. h4 Rb4 48. g3 Rb7 49. Kg2 Rd7 50.
Kh3 Rb7 51. Rc3 Re7 52. Rc7 Rxc7 53. Bxc7 1-0

[Event "*** Titled Tuesday Blitz"]
[Site "Chess.com"]
[Date "2020.04.21"]
[Round "7"]
[White "Noam_Vitenberg"]
[Black "aa175"]
[Result "1-0"]
[WhiteElo "2495"]
[BlackElo "2308"]
[TimeControl "180+1"]
[EndTime "11:21:17 PDT"]
[Termination "Noam_Vitenberg won on time"]

1. d4 Nf6 2. c4 g6 3. Nc3 d5 4. cxd5 Nxd5 5. e4 Nxc3 6. bxc3 Bg7 7. Nf3 c5 8. Be3 O-O 9. Rc1 Nc6 10. d5 Ne5 11. Nxe5 Bxe5 12. Be2 b6 13. O-O Bb7 14. f4 Bg7 15. Bf3 Qd7 16. c4 Rad8 17. Qe2 e5 18. Bg4 f5 19. Bh3 Qe7 20. fxe5 Qxe5 21. exf5 Rde8 22. Rce1 gxf5 23. Qh5 f4 24. Qxe5 Rxe5 25. Bf2 Rxe1 26. Rxe1 Bc3 27. Re7 Ba6 28. Be6+ Kh8 29. d6 Rd8 30. d7 Bf6 31. Rf7 Bg7 32. Bh4 Bd4+ 33. Kh1 1-0

[Event "*** Titled Tuesday Blitz"]
[Site "Chess.com"]
[Date "2020.04.21"]
[Round "7"]
[White "Raja3401"]
[Black "Fandorine"]
[Result "0-1"]
[WhiteElo "2704"]
[BlackElo "2886"]
[TimeControl "180+1"]
[EndTime "11:21:18 PDT"]
[Termination "Fandorine won by resignation"]

1. e4 e5 2. Nf3 Nc6 3. Bb5 a6 4.
Ba4 d6 5. O-O Bd7 6. d4 Nxd4 7.
Bxd7+ Qxd7 8. Nxd4 exd4 9. Qxd4 Nf6 10. b3 Be7 11. Bb2 O-O 12. c4 Rae8 13. Nc3 Bd8 14. Rae1 c6 15. Kh1 Re6 16. f4 Rfe8 17. Rf3 b5 18.
Rg3 b4 19. Nd1 Rxe4 20. Rxg7+ Kf8 21. Rxe4 Rxe4 22. Qd2 Kxg7 23. Nf2 Qf5 24. Nxe4 Qxe4 25. h3 d5 26. cxd5 cxd5 27. Bd4 h5 28. Qxb4 Qxf4 29.
Qc3 Kg6 30. Be5 Qf1+ 31. Kh2 Ne4 32. Qc6+ Bf6 33. Qxd5 Qf5 0-1

[Event "*** Titled Tuesday Blitz"]
[Site "Chess.com"]
[Date "2020.04.21"]
[Round "7"]
[White "Jbd735"]
[Black "Quiet_Desperation"]
[Result "0-1"]
[WhiteElo "2439"]
[BlackElo "1992"]
[TimeControl "180+1"]
[EndTime "11:21:19 PDT"]
[Termination "Quiet_Desperation won by resignation"]

1. e4 e6 2. d4 d5 3. Nd2 Nf6 4. e5 Nfd7 5. Bd3 c5 6. c3 Nc6 7. Ne2 cxd4 8. cxd4 f6 9. exf6 Nxf6 10. O-O Bd6 11. Nf3 Qc7 12. b3 Bd7 13. Bb2 O-O 14.
Rc1 Ng4 15. h3 Rxf3 16. hxg4 Rf7 17. Qd2 Raf8 18. a3 Qd8 19. g3 e5 20. dxe5 Nxe5 21.
Bxe5 Bxe5 22. f4 Qb6+ 23. Kg2 Bxg4 24. Nc3 Qh6 25. Rh1 Bxf4 26. gxf4 Bf3+ 27. Kg3 Bxh1 28.
Nxd5 Bxd5 0-1

[Event "*** Titled Tuesday Blitz"]
[Site "Chess.com"]
[Date "2020.04.21"]
[Round "7"]
[White "kuba2006"]
[Black "IsikCan"]
[Result "0-1"]
[WhiteElo "2441"]
[BlackElo "2632"]
[TimeControl "180+1"]
[EndTime "11:21:20 PDT"]
[Termination "IsikCan won by checkmate"]

1. e4 c6 2. d4 d5 3. e5 Bf5 4. Nf3 e6 5. a3 c5 6. c4 dxc4 7.
Bxc4 Nc6 8. Be3 cxd4 9. Nxd4 Nge7 10. O-O Nxd4 11. Bxd4 Nc6 12. Bb5 Be7 13. Nc3 O-O 14. Bxc6 bxc6 15. Be3 a5 16. Rc1 Rb8 17. Na4 Be4 18. Qxd8 Rfxd8 19. Bb6 Rd7 20. Bxa5 Ra7 21. b4 Bd5 22. Nb6 Rxb6 23. Bxb6 Rxa3 24. b5 Rb3 25. bxc6 Rxb6 26. c7 Bb7 27. Rb1 Bb4 28.
Rfd1 g5 29. Rd4 Bc5 30. Rd8+ Kg7 31. Rc1 Ba3 32. Ra1 Rc6 33. h3 Bb2 34. Rb1 Bxe5 35. Rxb7 Rc1+ 36. Rd1 Rxd1# 0-1

[Event "*** Titled Tuesday Blitz"]
[Site "Chess.com"]
[Date "2020.04.21"]
[Round "7"]
[White "mbachez"]
[Black "Gentlejimmy7"]
[Result "1-0"]
[WhiteElo "2447"]
[BlackElo "2590"]
[TimeControl "180+1"]
[EndTime "11:21:20 PDT"]
[Termination "mbachez won by checkmate"]

1. e4 c5 2. Nf3 e6 3. g3 d5 4.
exd5 exd5 5. d4 Nf6 6. Bg2 c4 7. O-O Be7 8. b3 cxb3 9. axb3 O-O 10. c4 Nc6 11. Nc3 Bg4 12. Be3 Bb4 13. Nxd5 Nxd5 14. cxd5 Ne7 15. h3 Bh5 16. g4 Bg6 17. Ne5 Nxd5 18. Qf3 Nxe3 19. fxe3 Bd6 20. Qxb7 Rb8 21. Qd5 Bxe5 22. dxe5 Rxb3 23. Qxb3 Qc7 24. e6 Qe5 25. Rxa7 fxe6 26. Rxf8+ Kxf8 27. Ra8+ Ke7 28. Qb7+ Kf6 29. Qf3+ Kg5 30. Qf4+ Qxf4 31. exf4+ Kxf4 32. Kf2 h5 33. Ra4+ Kg5 34. gxh5 Bxh5 35. Ke3 Kf6 36. h4 g5 37.
hxg5+ Kxg5 38. Ra5+ Kh4 39. Bf3 Bg6 40. Re5 Bf5 41.
Kf4 Bh3 42. Rh5# 1-0

[Event "*** Titled Tuesday Blitz"]
[Site "Chess.com"]
[Date "2020.04.21"]
[Round "7"]
[White "GukeshDommaraju"]
[Black "ChessWarrior7197"]
[Result "0-1"]
[WhiteElo "2696"]
[BlackElo "2886"]
[TimeControl "180+1"]
[EndTime "11:21:22 PDT"]
[Termination "ChessWarrior7197 won by resignation"]

1. e4 c5 2. Nf3 d6 3. d4 cxd4 4. Nxd4 Nf6 5. Nc3 a6 6. g3 e5 7. Nde2 Be7 8. Bg2 O-O 9. a4 Nc6 10. O-O Nb4 11. b3 Be6 12. Ba3 a5 13. Qd2 Rc8 14.
Rfd1 Qb6 15. Rac1 Rfd8 16. Nb5 d5 17. exd5 Bxd5 18. Bxd5 Nfxd5 19. Bxb4 Nxb4 20. Qe1 Nxc2 21. Rxd8+ Qxd8 22. Qd1 Qxd1+ 23. Rxd1 Rd8 24. Rc1 Nd4 25. Nexd4 exd4 26. Kf1 d3 27. Rd1 Bb4 28. f4 f5 29.
Kf2 d2 30. Nc7 Kf7 31. Nb5 Rd3 32. Ke2 Rxb3 33. Nd4 Ra3 34. Nxf5 Rxa4 35. Ne3 Ra2 36. Nd5 Ke6 37. Nxb4 axb4 38. Rxd2 b3 39. Kd3 Rxd2+ 40. Kxd2 Kf5 41. Kc3 Kg4 42. Kxb3 Kh3 43. Kc4 Kxh2 44. g4 Kg3 0-1

[Event "*** Titled Tuesday Blitz"]
[Site "Chess.com"]
[Date "2020.04.21"]
[Round "7"]
[White "lilleper1"]
[Black "lestri"]
[Result "0-1"]
[WhiteElo "2706"]
[BlackElo "2562"]
[TimeControl "180+1"]
[EndTime "11:21:22 PDT"]
[Termination "lestri won by resignation"]

1. e4 d6 2. d4 Nf6 3. Nc3 e5 4. Nf3 Nbd7 5. Bc4 Be7 6. O-O O-O 7. Re1 Nb6 8. Bf1 exd4 9. Nxd4 d5 10. e5 Ne8 11. Qf3 g6 12. Bh6 Ng7 13. Rad1 c6 14. Nce2 Bg5 15. Bxg5 Qxg5 16. Qg3 Qxg3 17. hxg3 Re8 18.
Nf4 Na4 19. Nd3 Nf5 20. c3 Bd7 21. Rd2 b6 22. Nxf5 Bxf5 23. f3 Bxd3 24. Bxd3 f6 25. f4 fxe5 26. fxe5 Nc5 27. Bc2 Re7 28. b4 Nd7 29. b5 Nxe5 30. Rde2 Rae8 31. Kh1 cxb5 32. Bb3 Kf8 33. Bxd5 Ng4 34. Be6 Nf6 35. g4 h6 36.
Kh2 Kg7 37. Kg3 Nd5 38. Re5 Nc7 0-1

[Event "*** Titled Tuesday Blitz"]
[Site "Chess.com"]
[Date "2020.04.21"]
[Round "7"]
[White "grandcoach"]
[Black "Filip_Covic"]
[Result "1-0"]
[WhiteElo "1993"]
[BlackElo "2287"]
[TimeControl "180+1"]
[EndTime "11:21:22 PDT"]
[Termination "grandcoach won by resignation"]

1. e4 c5 2. b4 cxb4 3. a3 d5 4.
exd5 Nf6 5. axb4 Nxd5 6. b5 Bf5 7. Bb2 Nd7 8. Nf3 N7f6 9. Bc4 e6 10. O-O Be7 11. Nc3 O-O 12. Nxd5 Nxd5 13. d3 Bf6 14. Qc1 Nc3 15. Re1 Qb6 16. Ne5 Qd4 17. Ra3 Bxe5 18.
Bxc3 Bxh2+ 19. Kxh2 Qxf2 20. Qg5 f6 21. Qg3 Qc5 22.
Rb3 Rfe8 23. Bxf6 Bg6 24. Be5 1-0

[Event "*** Titled Tuesday Blitz"]
[Site "Chess.com"]
[Date "2020.04.21"]
[Round "7"]
[White "kpio91"]
[Black "wnstop"]
[Result "1-0"]
[WhiteElo "2773"]
[BlackElo "2596"]
[TimeControl "180+1"]
[EndTime "11:21:23 PDT"]
[Termination "kpio91 won on time"]

1. Nf3 Nf6 2. d4 g6 3. g3 Bg7 4. Bg2 O-O 5. O-O d6 6. a4 Na6 7. Nc3 d5 8. Bf4 Bf5 9. h3 Qc8 10. g4 Bd7 11. Be5 Nb4 12. a5 Rd8 13. Ne1 Be6 14.
Nd3 Nxd3 15. Qxd3 c5 16. dxc5 Qxc5 17. Bd4 Qc6 18. f4 a6 19. f5 gxf5 20. gxf5 Bc8 21. e3 Kh8 22. Nxd5 Rxd5 23. Bxf6 1-0

[Event "*** Titled Tuesday Blitz"]
[Site "Chess.com"]
[Date "2020.04.21"]
[Round "7"]
[White "Boundless_Strike"]
[Black "Phenix2k"]
[Result "1-0"]
[WhiteElo "2619"]
[BlackElo "2310"]
[TimeControl "180+1"]
[EndTime "11:21:23 PDT"]
[Termination "Boundless_Strike won by resignation"]

1. d4 Nf6 2. Nf3 g6 3. Bg5 Bg7 4.
Nbd2 O-O 5. c3 d6 6. e4 c5 7. dxc5 dxc5 8. Bc4 Nc6 9. Qe2 Na5 10. Bd3 Qc7 11.
O-O h6 12. Bh4 Nh5 13. Qe3 Be6 14. Rfe1 b6 15. e5 Rad8 16. Bf1 Nc6 17. Rad1 Bxa2 18. b3 Na5 19. c4 g5 20. Bg3 Nxg3 21. hxg3 Rd7 22.
Ra1 g4 23. Nh4 Rfd8 24. Rxa2 Bxe5 25. Qxh6 Bg7 26. Qg5 e6 27. Ne4 Qe5 28. Qxe5 Bxe5 29. Nxc5 bxc5 30. Rxe5 Nxb3 31. Be2 f5 32. Rxe6 Rd2 33.
Rxd2 Rxd2 34. Nxf5 Kf7 35. Re3 Kf6 36. Bxg4 Na5 37.
Re4 Rc2 38. Ne3 1-0

[Event "*** Titled Tuesday Blitz"]
[Site "Chess.com"]
[Date "2020.04.21"]
[Round "7"]
[White "Arek_pacitan"]
[Black "Evgeny81"]
[Result "0-1"]
[WhiteElo "2558"]
[BlackElo "2725"]
[TimeControl "180+1"]
[EndTime "11:21:24 PDT"]
[Termination "Evgeny81 won by resignation"]

1. e4 e6 2. d4 d5 3. exd5 exd5 4. Nf3 Nf6 5. Bd3 Bg4 6. h3 Bh5 7. Nbd2 Nc6 8. c3 Qd7 9. Qa4 O-O-O 10. O-O Bd6 11.
b4 Kb8 12. b5 Ne7 13. Ne5 Qc8 14. Nb3 Bg6 15. Rd1 Bxd3 16. Rxd3 Qe6 17. Bf4 Nc8 18. Re3 Ne4 19. f3 Nb6 20. Qa5 Nc4 21. Qa4 Nxe3 22. fxe4 Bxe5 23. Bxe5 Qg6 24. Kf2 Qxg2+ 25.
Kxe3 Qxe4+ 26. Kd2 f6 27. Bxc7+ Kxc7 28. Qxa7 Qg2+ 29.
Kd3 Qxh3+ 30. Kc2 Qh2+ 31. Nd2 Qd6 32. Rb1 Ra8 33. b6+ Kc6 34. c4 Rxa7 35. bxa7 Ra8 0-1

[Event "*** Titled Tuesday Blitz"]
[Site "Chess.com"]
[Date "2020.04.21"]
[Round "7"]
[White "P4AD"]
[Black "Morshynska"]
[Result "1-0"]
[WhiteElo "2663"]
[BlackElo "2099"]
[TimeControl "180+1"]
[EndTime "11:21:24 PDT"]
[Termination "P4AD won by resignation"]

1. d4 d5 2. c4 c6 3. cxd5 cxd5 4. Nc3 Nf6 5. Bf4 Nc6 6. e3 a6 7. Bd3 e6 8. Rc1 Bd6 9. Bxd6 Qxd6 10. f4 b5 11. Nf3 Bb7 12. O-O O-O 13. Ne5 g6 14. Qf3 Rac8 15. g4 Nd7 16. g5 Ncxe5 17. fxe5 Qe7 18. h4 h6 19. Qg4 hxg5 20. hxg5 Kg7 21. Rc2 b4 22. Ne2 Rxc2 23. Bxc2 Rh8 24. Nf4 Nb6 25.
Bxg6 Bc8 26. Nh5+ Rxh5 27. Bxh5 1-0